Cogmind - Beta 13 @@@ ROGUE MODE // 2024.03.12 @ 11:29:07 Player: Rohain Result: Destroyed by D-53 Grenadier with Mini Grenade Launcher Performance ------------- Evolutions (0) 0 Regions Visited (2) 400 Robots Destroyed (12) 60 Value Destroyed (312) 312 Prototype IDs (0) 0 Alien Tech Used (0) 0 Bonus (0) 0 TOTAL SCORE: 772 Bonus ------- None Cogmind --------- Core Integrity 0/250 Matter 260/300 Energy 94/100 System Corruption 0% Temperature Cool (2) Movement Core (200) Ox3 Location -10/Mines Parts ------- > --- POWER (1) -------- (None) > --- PROPULSION (2) --- (None) > --- UTILITY (2) ------ Medium Storage Unit > --- WEAPON (2) ------- Small Laser Small Laser > --- INVENTORY (10) --- Ion Engine Ion Engine Ion Engine Small Storage Unit Targeting Computer Light Armor Plating EM Pulse Gun Rocket Launcher Peak State ------------ > --- POWER ------------ Ion Engine > --- PROPULSION ------- Aluminum Leg Aluminum Leg > --- UTILITY ---------- Improved Heat Sink Small Storage Unit > --- WEAPON ----------- Assault Rifle > --- INVENTORY -------- Ion Engine Ion Engine Targeting Computer EM Pulse Gun Small Laser [Rating: 8] Favorites ----------- Power Ion Engine Engine Ion Engine Propulsion Aluminum Leg Leg Aluminum Leg Utility Medium Storage Unit Device Improved Heat Sink Storage Medium Storage Unit Processor Signal Interpreter Protection Light Armor Plating Weapon Assault Rifle Energy Gun Small Laser Ballistic Gun Assault Rifle Launcher Rocket Launcher Build | -11 -10 -10 ------- Run | Yrd Mat Min Slots Evolved . | . . . Power . | . . . Propulsion . | . . . Utility . | . . . Weapon . | . . . Parts Attached 19 | 5 12 2 Power 4 | 2 2 . Engine 4 | 2 2 . Core . | . . . Reactor . | . . . Propulsion 4 | 2 2 . Treads . | . . . Leg 4 | 2 2 . Wheel . | . . . Hover . | . . . Flight . | . . . Utility 6 | . 6 . Device 2 | . 2 . Storage 2 | . 2 . Processor 1 | . 1 . Hackware . | . . . Protection 1 | . 1 . Artifact . | . . . Weapon 5 | 1 2 2 Energy Gun 3 | . 2 1 Energy Cannon . | . . . Ballistic Gun 1 | 1 . . Ballistic Cannon . | . . . Launcher 1 | . . 1 Special Weapon . | . . . Impact Weapon . | . . . Slashing Weapon . | . . . Piercing Weapon . | . . . Special Melee Weapon . | . . . Unidentified Prototypes . | . . . Parts Lost 10 | . 6 4 Power 2 | . 1 1 Propulsion 4 | . 2 2 Utility 3 | . 2 1 Weapon 1 | . 1 . Highest Loss Streak 5 | . 5 4 To Critical Strikes . | . . . Average Slot Usage (%) 79 | . 73 97 Engine 12 | . 12 14 Leg 24 | . 23 26 Device 5 | . 6 . Storage 13 | . 13 14 Protection 4 | . 2 12 Energy Gun 8 | . 2 26 Ballistic Gun 9 | . 12 . Naked Turns . | . . . Heaviest Build 23 | 7 20 23 Greatest Support 20 | 20 20 20 Greatest Overweight (x) 4 | . 4 1 Average Overweight (x) . | . . . Largest Inventory Capacity 10 | 5 10 10 Average Capacity 8 | 5 8 10 Most Carried 9 | 5 9 8 Average Carried 6 | 2 5 7 Final Capacity 10 | 5 10 10 Final Carried 8 | 4 7 8 Class Distribution -------------------- 75% | Mutant 25% | Scavenger-Mutant Dominant Class ---------------- Mutant | -10/Materials Scavenger-Mutant | -10/Mines Resources | -11 -10 -10 ----------- Run | Yrd Mat Min Matter Collected 455 | 59 381 15 Remotely . | . . . Salvage Created 395 | . 379 16 Parts 27 | . 23 4 Haulers Intercepted 1 | . 1 . Recyclers Shooed 2 | . 2 . Parts Field Recycled . | . . . Retrieved Matter . | . . . Parts Self-Destructed . | . . . Prevented . | . . . Kills | -11 -10 -10 ------- Run | Yrd Mat Min Combat Hostiles Destroyed 10 | . 7 3 Guns 7 | . 7 . AOE 3 | . . 3 Classes Destroyed 4 | . 3 1 Hauler 1 | . 1 . Watcher 1 | . 1 . Swarmer 3 | . . 3 Grunt 7 | . 7 . Best Kill Streak 3 | . 2 3 Combat Bots Only 3 | . 2 3 Max Kills in Single Turn 3 | . 1 3 Gunslinging . | . . . Exploded 3 | . . 3 Melee . | . . . Uniques/NPCs Destroyed . | . . . Combat | -11 -10 -10 -------- Run | Yrd Mat Min Hostile Shots Fired 98 | . 76 22 Missed 22 | . 15 7 Damage Taken 1212 | . 776 436 Core 278 | . 162 116 Absorbed by Shields . | . . . Core Remaining (%) 100 | 100 . . Volleys Fired 61 | . 59 2 Largest 2 | . 2 2 Hottest 80 | . 60 80 Shots Fired 66 | . 63 3 Gun 65 | . 63 2 Cannon . | . . . Launcher 1 | . . 1 Special . | . . . Kinetic 48 | . 48 . Thermal 17 | . 15 2 Explosive 1 | . . 1 Electromagnetic . | . . . Robot Hit Streak 9 | . 9 1 Robot Miss Streak 4 | . 4 2 Penetration Max . | . . . Secondary Targets 2 | . 2 . Max Gunslinging Chain 1 | . 1 . Shots Hit Robots 46 | . 45 1 Core Hits 23 | . 20 3 Critical Kills 1 | . 1 . Critical Parts Destroyed . | . . . Critical Strikes 1 | . 1 . Destroy 1 | . 1 . Melee Attacks . | . . . Impact . | . . . Slashing . | . . . Piercing . | . . . Sneak Attacks . | . . . Combat Hostiles . | . . . Follow-up Attacks . | . . . Damage Inflicted 724 | . 582 142 Guns 593 | . 582 11 Cannons . | . . . Explosions 131 | . . 131 Melee . | . . . Ramming . | . . . Kinetic 476 | . 476 . Thermal 117 | . 106 11 Explosive 131 | . . 131 Electromagnetic . | . . . Impact . | . . . Slashing . | . . . Piercing . | . . . Highest Corruption . | . . . Average Corruption . | . . . Corruption Purged . | . . . Corruption Blocked . | . . . Overload Shots . | . . . Overflow Damage . | . . . Projectiles . | . . . Explosions . | . . . Melee . | . . . Knockbacks . | . . . Impact . | . . . Kinetic . | . . . Secondary . | . . . Self-Inflicted Damage 39 | . . 39 Shots 1 | . . 1 Rammed . | . . . Targets Rammed . | . . . Kicked . | . . . Crushed . | . . . Highest Temperature 24 | . 24 2 Average Temperature 16 | . 16 1 Received Heat Transfer 432 | . 432 . Siege Activations . | . . . Robots Corrupted . | . . . Combat Hostiles . | . . . Parts Fried . | . . . Impact Corruptions . | . . . Robots Melted . | . . . Combat Hostiles . | . . . Parts Melted . | . . . Heat Transferred 275 | . 250 25 Parts Sabotaged . | . . . Parts Stolen . | . . . Parts Stripped . | . . . Power Chain Reactions . | . . . Alert | -11 -10 -10 ------- Run | Yrd Mat Min Peak Influence 171 | . 171 78 Initial . | . . . Average 52 | . 58 52 Maximum Alert Level . | . . . Low Security (%) 100 | 100 100 100 Level 1 . | . . . Level 2 . | . . . Level 3 . | . . . Level 4 . | . . . Level 5 . | . . . High Security . | . . . Max Security . | . . . Squads Dispatched 1 | . 1 . Investigation 1 | . 1 . Extermination . | . . . Reinforcement . | . . . Assault . | . . . Garrison . | . . . Intercept . | . . . Searches Triggered . | . . . Construction Impeded . | . . . Haulers Reinforced . | . . . Active Scanning Responses . | . . . Cargo Convoy Interrupts . | . . . Stealth | -11 -10 -10 --------- Run | Yrd Mat Min Distress Signals . | . . . Communications Jammed . | . . . Distress Signals . | . . . Times Spotted 24 | . 12 12 Peak Tracking Total 8 | . 3 8 Tactical Retreats . | . . . Traps | -11 -10 -10 ------- Run | Yrd Mat Min Traps Triggered 1 | . 1 . Indirectly . | . . . Trap Hack Attempts . | . . . Triggered . | . . . Disarmed . | . . . Reprogrammed . | . . . Reused . | . . . Traps Extracted . | . . . Installed . | . . . Triggered . | . . . Machines | -11 -10 -10 ---------- Run | Yrd Mat Min Machines Disabled . | . . . Max in Single Turn . | . . . Machines Repaired . | . . . Machines Dismantled . | . . . Machines Sabotaged . | . . . Overloaded Fab Kills . | . . . Hacking | -11 -10 -10 --------- Run | Yrd Mat Min Machines Accessed 3 | . 3 . Terminals 3 | . 3 . Fabricators . | . . . Repair Stations . | . . . Recycling Units . | . . . Scanalyzers . | . . . Garrison Access . | . . . Total Hacks 12 | . 12 . Successful 3 | . 3 . Failed 9 | . 9 . Catastrophic 1 | . 1 . Database Lockouts . | . . . Manual 12 | . 12 . Terminals 12 | . 12 . Fabricators . | . . . Repair Stations . | . . . Recycling Units . | . . . Scanalyzers . | . . . Garrison Access . | . . . Terminal Hacks 1 | . 1 . Branch Access Points 1 | . 1 . Fabricator Hacks . | . . . Repair Station Hacks . | . . . Recycling Unit Hacks . | . . . Scanalyzer . | . . . Garrison Access Hacks . | . . . Unauthorized Hacks 2 | . 2 . Terminals 2 | . 2 . Botnet 1 | . 1 . Operators 1 | . 1 . Fabricators . | . . . Repair Stations . | . . . Recycling Units . | . . . Scanalyzers . | . . . Garrison Access . | . . . Data Cores Recovered . | . . . Used . | . . . Hacking Detections 3 | . 3 . Full Trace Events . | . . . Feedback Events . | . . . Feedback Blocked . | . . . Robot Schematics Acquired . | . . . Robots Built . | . . . Authchips . | . . . Time . | . . . Total Robot Build Rating . | . . . Part Schematics Acquired . | . . . Parts Built . | . . . Authchips . | . . . Time . | . . . Total Part Build Rating . | . . . Parts Repaired . | . . . Time . | . . . Parts Recycled . | . . . Recycled Matter . | . . . Retrieved Matter . | . . . Retrieved Components . | . . . Parts Scanalyzed . | . . . Part Schematics Acquired . | . . . Parts Damaged . | . . . Bothacking | -11 -10 -10 ------------ Run | Yrd Mat Min Used RIF Installer . | . . . Robots Hacked . | . . . Non-combat . | . . . Combat . | . . . Robot Hacks Applied . | . . . Relay Couplers Released . | . . . Fabnet Peak Effective % . | . . . Robots Rewired . | . . . Allies Hacked . | . . . Hacks Repelled . | . . . Allies | -11 -10 -10 -------- Run | Yrd Mat Min Total Allies . | . . . Largest Group . | . . . Highest-Rated Group . | . . . Highest-Rated Ally . | . . . Total Orders . | . . . Ally Attacks . | . . . Total Damage . | . . . Kills . | . . . Allies Corrupted . | . . . Allies Melted . | . . . Intel | -11 -10 -10 ------- Run | Yrd Mat Min Robot Analysis Total . | . . . Derelict Logs Recovered . | . . . Drone Launches . | . . . Drone Recoveries . | . . . Exploration | -11 -10 -10 ------------- Run | Yrd Mat Min Turns Passed 612 | 50 433 129 Spaces Moved 354 | 35 224 95 Core 7 | 4 3 . Treads . | . . . Legs 347 | 31 221 95 Wheels . | . . . Hover . | . . . Flight . | . . . Fastest Speed 50 | 50 120 120 Average Speed 121 | 112 122 122 Slowest Speed 250 | 120 250 190 Overloaded Moves . | . . . Propulsion Burnouts . | . . . Robots Hopped . | . . . Cave-ins Triggered . | . . . Exploration Rate (%) 21 | 3 36 25 Regions Visited 2 Branch Regions 1 Pre-discovered Areas . | . . . Known Exits Taken 1 | . 1 . Unknown Exits Taken 1 | 1 . . Scrap Searched . | . . . Spaces Dug . | . . . Terrain Destroyed 11 | . . 11 Melee . | . . . Projectile . | . . . AOE 11 | . . 11 Terrain Rammed . | . . . Walls Destroyed . | . . . Machines Disabled . | . . . Actions | -11 -10 -10 --------- Run | Yrd Mat Min Total 466 | 44 317 105 Wait 18 | . 14 4 Move 352 | 34 223 95 Hop . | . . . Pick Up 13 | 5 7 1 Fast Attach 7 | 2 5 . Attach 8 | 2 5 1 Detach 1 | . . 1 Swap 4 | 1 2 1 Drop 2 | . 2 . Fire 61 | . 59 2 Melee . | . . . Ram . | . . . Kick . | . . . Crush . | . . . Escape Stasis . | . . . Rewire . | . . . Trap . | . . . Miscellaneous . | . . . Route ------- -11/Scrapyard -10/Materials (discovered 2 exits: [*Mat] / *Min) -10/Mines History --------- Turn | Location | Event 2 | -11/Scrapyard | Met Revision 17 4 | -11/Scrapyard | Discovered new exit (range 15) 51 | -11/Scrapyard | Entered Materials 267 | -10/Materials | Discovered new exit (range 13) 297 | -10/Materials | Identified exit to Mines 310 | -10/Materials | Build established: Mutant 427 | -10/Materials | Core integrity fell below 50% 455 | -10/Materials | Lost 5 parts (1p2n1u1w) 484 | -10/Materials | Entered Mines 491 | -10/Mines | Received a Rocket Launcher from a helpful Derelict 525 | -10/Mines | Core integrity fell below 20% 581 | -10/Mines | Assembled infested the area 613 | -10/Mines | Destroyed by D-53 Grenadier with Mini Grenade Launcher Last Messages --------------- 00581_ ALERT: Infestation in the mines, dispatching Demolisher response squad. 00598_ as-95793 powers down. 00598_ as-47667 powers down. 00598_ as-21859 powers down. 00598_ as-53148 powers down. 00599_ as-47667 suffers critical hit (Destroy). 00599_ as-47667 destroyed. 00607_ C-30 ARC bursts open, deploying its payload. 00607_ D-53 Grenadier unfolds itself. 00607_ Lgt. Armor Plating destroyed. 00607_ as-68850 destroyed. 00609_ Aluminum Leg destroyed. 00609_ U-05 Engineer destroyed. 00609_ U-05 Engineer lays Concrete. 00611_ Aluminum Leg destroyed. 00611_ as-20925 destroyed. 00611_ U-05 Engineer destroyed. 00611_ Ion Engine destroyed. Map ----- +----------------------------------------------------+ | ???????????????????????????????#####?????????????? | | ?????????????????????????####?## ##????????????? | | ????????????????????????## ### #????????????? | | ??????????????????????### #????????????? | | ?????????????????????## #?????????????? | | ?????????????????????# #???####??????? | | ???????????????#????## ##?## ##?????? | | ??????????????## ???# ### ##????? | | ??????????????? ##?# [ ## ##???? | | ???????????????? ?# ==### ### #???? | | ????????????????## ## [ ### ##?## #???? | | ????????????????# ## #???## ##???? | | ????????????????# ## #????###### ##????? | | ????????????????# ##### #????????# ##?????? | | ????????????????### ##???# #?######## #??????? | | ??????????????????### #????# #?# #??????? | | ????????????????????# #????# ??# ########??????? | | ????????????????????# #????# ??# #?????????????? | | ??????????????###???# #????# #?# #?????????????? | | ?????????#???## #??# #??### #?# #?????????????? | | ?????????# ### ### r### # #?# #?????????????? | | ?????????# t## #?# #?????????????? | | ?????????# ! ### #?????????????? | | ??????????????# #?????????????? | | ??????????????## | ### #?????????????? | | ???????????????## d@ ### #?????????????? | | ????????????????## d # #?????????????? | | ?????????????????## #?????????????? | | ??????????????????## # # ###?????????????? | | ???????????????????# # # ### #???????????????? | | ???????????????????## ##?###?# #???????????????? | | ????????????????????####??????# #???????????????? | | ?????????????????????????###??# #???????????????? | | ????????????????????????## #?# #???????????????? | | ????????????????????????# ## ##??????????????? | | ????????????????????????# #??????????????? | | ????????????????????????## """ #??????????????? | | ????????????????????????## """ ########????????? | | ????????????????????????# """ #??????? | | ??????????????????????? #??????? | | ?????????????????????# ####### ???? | | ?????????????????????### % ??????????? ??? | | ???????????????????????## ???????????????? | | ????????????????????????## ???????????????? | | ?????????????????????????### ???????????????? | | ???????????????????????????## ??????????????? | | ????????????????????????????## ##??????????????? | | ?????????????????????????????####????????????????? | | ?????????????????????????????????????????????????? | | ?????????????????????????????????????????????????? | +----------------------------------------------------+ Best States ------------- Heat Dissipation 39 Energy Generation 10 Energy Capacity 250 Matter Stores 300 Matter Capacity 300 Sight Range 16 Terrain Scan Range 14 Terrain Scan Density 10 Armor Coverage 150 Evasion (%) 55 Item Schematics ----------------- None Robot Schematics ------------------ None Fabricated ------------ Nothing Alien Tech Used ----------------- None Achievements -------------- None Challenges ------------ None Game ------ Seed AbsorptionSystemGuard Manual? 0 Play Time 00:05:26 Cumulative 54.4 hours Start 2024.03.12 @ 11:24:24 End 2024.03.12 @ 11:29:07 Sessions 1 Manual Loads 0 Difficulty Rogue Special Mode None Game No. 92 Rogue 76 Adventurer 16 Explorer 0 Win Type - Total 1 Types 1/0/0/0/0/0/0/0/0 Lore% 31 Gallery% 52 Achievement% 47 Wizard Run 0 Options --------- Layout 2 ASCII 0 Keyboard 0 Movement Vi Keybinds 0 Fullscreen 1 Font 24/Smallcaps Map View 50x44 Zoom Use 0% Tactical HUD 1 Map Filters NONE Filters NONE Steam 1 RUN: 99ffb17e-98e2-476f-a99a-2aa09d3d0564